 Dungeon Crawl Stone Soup version 0.29-a0-845-g6161e89988 (webtiles) character file.

Game seed: 7272949579225900680

99143 hquester1 the Protected (level 15, -1/137 HPs)
             Began as a Minotaur Fighter on July 15, 2022.
             Was the Champion of Okawaru.
             Killed from afar by a starcursed mass (7 damage)
             ... with an accursed screaming
             ... on level 2 of the Abyss on July 16, 2022.
             The game lasted 01:38:00 (29210 turns).

hquester1 the Protected (Minotaur Fighter)         Turns: 29210, Time: 01:38:00

Health: -1/137     AC: 36    Str: 25    XL:     15   Next: 76%
Magic:  21/21      EV: 11    Int:  5    God:    Okawaru [******]
Gold:   1860       SH: 17    Dex: 12    Spells: 14/14 levels left

rFire   . . .      SeeInvis +   K - +7 morningstar (protect)
rCold   . . .      Faith    .   Z - +0 kite shield "Yggil" {Rampage Slay+2}
rNeg    + . .      Spirit   .   l - +0 plate armour
rPois   +          Reflect  +   M - +2 hat {Stlth+}
rElec   .          Harm     .   B - +2 cloak {rPois}
rCorr   .          Rampage  +   A - +2 pair of gloves {Str+3}
Will    +....                   w - +2 pair of boots {rampage}
Stlth   ..........              r - amulet of Girphesk {Reflect rN+ SH+5}
HPRegen 0.32/turn               F - ring of see invisible
MPRegen 0.17/turn               X - ring of flight

@: under a protective aura, flying
A: horns 2, retaliatory headbutt, clumsy 1, weak 1
a: Renounce Religion, Heroism, Finesse, Duel


You were on level 2 of the Abyss.
You worshipped Okawaru.
Okawaru was exalted by your worship.
You visited 4 branches of the dungeon, and saw 24 of its levels.
You visited the Abyss 1 time.
You also visited: Ossuary and Gauntlet.

You collected 2182 gold pieces.
You spent 322 gold pieces at shops.

Inventory:

Hand Weapons
 K - a +7 morningstar of protection (weapon)
 T - a +6 broad axe of electrocution
Missiles
 h - 8 boomerangs of dispersal (quivered)
 q - 2 throwing nets
Armour
 l - a +0 plate armour (worn)
 w - a +2 pair of boots of rampaging (worn)
 A - a +2 pair of gloves of strength (worn)
 B - a +2 cloak of poison resistance (worn)
 D - the -1 tower shield "Visoth" {Slay+3}
   (Okawaru gifted it to you on level 2 of the Abyss)

   Slay:      It affects your accuracy & damage with ranged weapons and melee
   (+3).
 J - a +2 kite shield of poison resistance
 M - a +2 hat of stealth (worn)
 N - a scarf of resistance
 Z - the +0 kite shield "Yggil" (worn) {Rampage Slay+2}
   (Okawaru gifted it to you on level 13 of the Dungeon)

   Slay:      It affects your accuracy & damage with ranged weapons and melee
   (+2).
   Rampage:   It bestows one free step when moving towards enemies.
Jewellery
 r - the amulet of Girphesk (around neck) {Reflect rN+ SH+5}
   (You found it in a Gauntlet)

   [amulet of reflection]

   It reflects blocked missile attacks.
   rN:        It protects you from negative energy.
   SH:        It affects your SH (+5).
 F - a ring of see invisible (left hand)
 X - a ring of flight (right hand)
Wands
 a - a wand of polymorph (12)
 e - a wand of digging (7)
 o - a wand of iceblast (48)
 C - a wand of mindburst (9)
 E - a wand of light (9)
 H - a wand of flame (27)
Scrolls
 c - 2 scrolls of poison
 f - 5 scrolls of fear
 m - 11 scrolls of teleportation
 p - 4 scrolls of blinking
 s - 4 scrolls of immolation
 t - 4 scrolls of fog
 y - a scroll of torment
 G - 3 scrolls of vulnerability
 P - 2 scrolls of amnesia
 Q - 3 scrolls of magic mapping
Potions
 b - 4 potions of resistance
 d - 9 potions of might
 g - a potion of invisibility
 i - 8 potions of haste
 j - 3 potions of flight
 k - 3 potions of magic
 n - 15 potions of curing
 u - 2 potions of attraction
 v - 8 potions of brilliance
 x - 3 potions of lignification
 z - 9 potions of mutation
 I - a potion of ambrosia
 L - 4 potions of cancellation
 V - a potion of berserk rage
Miscellaneous
 U - a phial of floods


   Skills:
 + Level 13.8 Fighting
 + Level 13.5(15.6) Axes
 + Level 12.9(15.3) Maces & Flails
 + Level 13.9 Armour
 + Level 12.2 Dodging
 + Level 13.8 Shields
 + Level 10.3 Invocations


You had 14 spell levels left.
You didn't know any spells.
Your spell library contained the following spells:

 Spells                   Type           Power      Damage    Failure   Level
 Apportation              Tloc           0%         N/A       100%        1
 Magic Dart               Conj           0%         1d3       100%        1
 Blink                    Tloc           0%         N/A       100%        2
 Ensorcelled Hibernation  Hex/Ice        0%         N/A       100%        2
 Passwall                 Tmut/Erth      0%         N/A       100%        2
 Poisonous Vapours        Pois/Air       0%         N/A       100%        2
 Confusing Touch          Hex            0%         N/A       100%        3
 Gell's Gravitas          Tloc           0%         N/A       100%        3
 Lesser Beckoning         Tloc           0%         N/A       100%        3
 Mephitic Cloud           Conj/Pois/Air  0%         N/A       100%        3
 Ozocubu's Armour         Ice            0%         N/A       100%        3
 Portal Projectile        Hex/Tloc       0%         N/A       100%        3
 Swiftness                Air            0%         N/A       100%        3
 Teleport Other           Tloc           0%         N/A       100%        3
 Corpse Rot               Necr/Pois/Air  0%         N/A       100%        4
 Alistair's Intoxication  Tmut/Pois      0%         N/A       100%        5
 Blade Hands              Tmut           0%         N/A       100%        5
 Borgnjor's Vile Clutch   Necr/Erth      0%         N/A       100%        5
 Manifold Assault         Tloc           0%         N/A       100%        5
 Yara's Violent Unravell  Hex/Tmut       0%         3d3       100%        5
 Eringya's Noxious Bog    Tmut/Pois      0%         N/A       100%        6
 Enfeeble                 Hex            0%         N/A       100%        7
 Ozocubu's Refrigeration  Ice            0%         4d5       100%        7
 Call Imp                 Summ           Unusable   N/A       N/A         2
 Tukima's Dance           Hex            Unusable   N/A       N/A         3

Dungeon Overview and Level Annotations

Branches:
Dungeon (15/15)            Temple (1/1) D:6            Lair (6/6) D:11
  Swamp (0/4) Lair:4        Snake (0/4) Lair:4        Slime (0/5) Lair:5
    Orc (2/2) D:12            Elf (0/3) Orc:2        Vaults (0/5) D:14
 Depths (0/4) D:15        Ossuary (visited)         Gauntlet (visited)

Altars:
Ashenzari
Cheibriados
Dithmenos
Elyvilon
Fedhas
Gozag
Hepliaklqana
Kikubaaqudgha
Makhleb
Nemelex Xobeh
Okawaru
Qazlal
Ru
Sif Muna
Trog
Uskayaw
Vehumet
Wu Jian
Yredelemnul
Zin
The Shining One

Shops:
D:4 ((   D:7 !=[?   Orc:2 ((?

Annotations:
D:9 2 transporters
Lair:6 2 transporters, Enas's ghost, journeyman SpAM


Innate Abilities, Weirdness & Mutations

You have a pair of horns on your head.
You reflexively headbutt those who attack you in melee.
You are clumsy. (Dex -2)
You are weak. (Str -2)


Message History

The starcursed mass is heavily damaged.
The starcursed mass shudders and is absorbed by its neighbour.
The starcursed mass shrieks in your mind.
* * * LOW HITPOINT WARNING * * *
You puncture the starcursed mass!
The starcursed mass is heavily damaged.
A starcursed mass splits.
You hit the starcursed mass. You headbutt the starcursed mass.
The starcursed mass is severely damaged.
The starcursed mass shudders and is absorbed by its neighbour.
A starcursed mass splits.
You hit the starcursed mass.
The starcursed mass is severely damaged.
The starcursed mass shudders and is absorbed by its neighbour.
You impale the starcursed mass!! You headbutt the starcursed mass!
The starcursed mass is almost destroyed.
You hear a screech!
The starcursed mass shrieks in your mind.
* * * LOW HITPOINT WARNING * * *
You hit the starcursed mass but do no damage.
You headbutt the starcursed mass, but do no damage.
The starcursed mass is almost destroyed.
A starcursed mass splits.
You thump the starcursed mass!
You destroy the starcursed mass!
Okawaru accepts your kill.
A starcursed mass splits.
A chorus of shrieks assaults your mind.
* * * LOW HITPOINT WARNING * * *
You hit the starcursed mass.
The starcursed mass is almost destroyed.
The starcursed mass shudders and is absorbed by its neighbour.
An orange demon comes into view.
The starcursed mass shrieks in your mind.
* * * LOW HITPOINT WARNING * * *
The orange demon closely misses you.
You hit the starcursed mass.
The starcursed mass is almost destroyed.
The starcursed mass shrieks in your mind.
You die...

.... ...#
...# ... ..
##4 #X###
#@..# #...#
......#.#.#
.##...#..#
..... ###
#....#
#..## ...
.#


You could see a starcursed mass and an orange demon.

Vanquished Creatures
  Rupert (Lair:3)
  An Executioner (Abyss:2)
  A tentacled starspawn (Abyss:2)
  Gastronok (D:9)
  A slime creature (D:15)
  A reaper (Gauntlet)
  A minotaur (Gauntlet)
  Snorg (Lair:6)
  A green death (Abyss:2)
  Erolcha (Orc:1)
  4 boulder beetles
  A rakshasa (Abyss:2)
  13 hydras
  A death knight (D:15)
  2 catoblepae
  5 centaur warriors
  The ghost of RevDB the Fighter, a novice MiFi of Trog (D:8)
  4 two-headed ogres
  2 dancing weapons (D:14)
  2 tengu warriors
  6 death yaks (Lair:5)
  A thrashing horror (Abyss:2)
  Urug (Lair:4)
  A vampire mage (Abyss:2)
  An orc high priest (Orc:2)
  A sixfirhy (Abyss:2)
  2 glowing orange brains (Gauntlet)
  11 skeletal warriors
  A starcursed mass (Abyss:2)
  Pikel (D:5)
  5 deep elf pyromancers
  A wizard (D:15)
  2 orc knights
  4 orc sorcerers
  A necromancer (D:15)
  9 ugly things
  2 cyclopes
  A manticore (D:14)
  A worldbinder (Abyss:2)
  A naga mage (D:15)
  3 black mambas
  8 elephants
  16 cane toads
  2 gargoyles
  3 smoke demons (Abyss:2)
  3 rime drakes
  An ice statue (Gauntlet)
  A rime drake (shapeshifter) (D:14)
  A yaktaur (D:8)
  A tengu conjurer (D:14)
  An ancient zyme (Abyss:2)
  An unseen horror (D:13)
  5 komodo dragons
  An efreet (D:15)
  A hellwing (Abyss:2)
  A freezing wraith (D:15)
  4 trolls
  A meliai zombie (D:15)
  7 hornets
  Grinder (D:3)
  3 polar bears (Lair:6)
  5 blink frogs
  3 raiju (Abyss:2)
  6 dream sheep (Lair:6)
  Sigmund (D:3)
  A centaur simulacrum (D:15)
  A spriggan (shapeshifter) (D:13)
  14 spriggans (Lair:6)
  5 shadows
  5 wraiths
  6 wyverns
  The ghost of zhov the Shooter, an amateur MiHu (D:4)
  31 yaks
  4 basilisks
  2 neqoxecs (Abyss:2)
  A small abomination (Abyss:2)
  A steam dragon (D:9)
  7 vampire mosquitoes
  Menkaure (D:6)
  A harpy simulacrum (D:15)
  14 water moccasins
  3 wargs
  3 acid dragons
  A meliai simulacrum (D:12)
  An ice beast (D:5)
  A sky beast (D:8)
  14 orc warriors
  9 black bears
  23 wolves
  4 boggarts (Lair:6)
  16 centaurs
  5 ogres
  A phantom (D:4)
  6 bullfrogs
  An elf zombie (Ossuary)
  2 gnoll sergeants
  4 kobold brigands
  2 necrophages
  A scorpion (D:7)
  20 wights
  3 killer bees (D:9)
  4 howler monkeys
  3 electric eels
  A centaur zombie (Ossuary)
  18 orc priests
  5 hounds
  3 human zombies (Ossuary)
  A quasit (Abyss:2)
  A gnoll bouda (D:10)
  7 jellies
  Ijyb (D:3)
  4 iguanas
  A boggart zombie (D:15)
  17 orc wizards
  2 mummies (Ossuary)
  19 gnolls
  6 adders
  2 shadow imps (Gauntlet)
  3 white imps
  2 ufetubi (D:5)
  An adder zombie (Ossuary)
  5 worms
  2 dart slugs
  54 orcs
  3 ball pythons
  8 endoplasms
  2 giant cockroaches (D:1)
  9 goblins
  5 hobgoblins
  5 quokkas
  7 bats
  8 frilled lizards
  2 goblin zombies (Ossuary)
  7 hobgoblin zombies (Ossuary)
  15 kobolds
  9 kobold zombies (Ossuary)
  10 orc zombies (Ossuary)
  8 rats
  2 rat zombies (Ossuary)
  A spectral orc (D:14)
656 creatures vanquished.

Vanquished Creatures (others)
  A wizard (D:15)
  A wolf (Lair:6)
  3 orc wizards
  3 demonic plants
  40 fungi
  A lurking horror (Abyss:2)
  80 plants
  2 starspawn tentacles (Abyss:2)
131 creatures vanquished.

Grand Total: 787 creatures vanquished

Notes
Turn   | Place    | Note
-------+----------+-------------------------------------------
     0 | D:1      | hquester1 the Minotaur Fighter began the quest for the Orb.
     0 | D:1      | Reached XP level 1. HP: 19/19 MP: 0/0
   158 | D:1      | Reached XP level 2. HP: 27/27 MP: 1/1
   292 | D:1      | Reached skill level 1 in Dodging
   416 | D:1      | Reached XP level 3. HP: 33/33 MP: 2/2
   988 | D:2      | Found a faded altar of an unknown god.
  1165 | D:3      | Reached XP level 4. HP: 40/40 MP: 3/3
  1344 | D:3      | Reached XP level 5. HP: 40/47 MP: 4/4
  1413 | D:3      | Noticed Grinder
  1422 | D:3      | Paralysed by Grinder for 4 turns
  1430 | D:3      | Paralysed by Grinder for 5 turns
  1437 | D:3      | Paralysed by Grinder for 4 turns
  1443 | D:3      | Killed Grinder
  1444 | D:3      | Reached skill level 5 in Fighting
  1444 | D:3      | Reached skill level 5 in Shields
  1444 | D:3      | Reached XP level 6. HP: 28/56 MP: 5/5
  1620 | D:3      | Noticed Ijyb
  1626 | D:3      | Killed Ijyb
  1627 | D:3      | Reached skill level 5 in Armour
  1846 | D:3      | Noticed Sigmund
  1880 | D:3      | Killed Sigmund
  1881 | D:3      | Reached skill level 1 in Maces & Flails
  1881 | D:3      | Reached XP level 7. HP: 28/61 MP: 6/6
  2279 | D:4      | Found a runed translucent gate.
  2279 | D:4      | Found a runed translucent gate.
  2279 | D:4      | Found a runed translucent gate.
  2285 | D:4      | Found Qoerchie's Weapon Boutique.
  2348 | D:4      | Noticed zhov's ghost (amateur MiHu)
  2633 | D:4      | Found Kimp's Antique Weapon Shoppe.
  3138 | D:4      | Reached skill level 5 in Axes
  3346 | D:5      | Entered Level 5 of the Dungeon
  3568 | D:5      | Noticed Pikel
  3578 | D:5      | Killed Pikel
  3579 | D:5      | Reached XP level 8. HP: 49/70 MP: 7/7
  3620 | D:5      | Found a sand-covered staircase.
  3626 | Ossuary  | Entered an ossuary
  4691 | D:5      | Found an opulent altar of Gozag.
  4694 | D:5      | Found a sparkling altar of Nemelex Xobeh.
  4694 | D:5      | Found an iron altar of Okawaru.
  4710 | D:5      | Became a worshipper of Warmaster Okawaru
  5087 | D:5      | Reached skill level 5 in Dodging
  5219 | D:6      | Found a staircase to the Ecumenical Temple.
  5245 | Temple   | Entered the Ecumenical Temple
  5388 | D:6      | Reached skill level 1 in Invocations
  5388 | D:6      | Reached XP level 9. HP: 70/78 MP: 8/8
  5600 | D:6      | Found an ornate altar of the Wu Jian Council.
  5737 | D:6      | Noticed Menkaure
  5740 | D:6      | Killed Menkaure
  5856 | D:6      | Reached * piety under Okawaru
  6089 | D:7      | Found Kaufrua's Magic Scroll Boutique.
  6092 | D:7      | Found Aqais's Armour Boutique.
  6093 | D:7      | Found Bepru's Jewellery Boutique.
  6093 | D:7      | Found Yterosk's Distillery.
  6103 | D:7      | Reached skill level 5 in Maces & Flails
  6292 | D:7      | Bought a +2 pair of gloves of strength for 322 gold pieces
  6810 | D:7      | Noticed a gargoyle
  6819 | D:7      | Reached ** piety under Okawaru
  6819 | D:7      | Killed a gargoyle
  6950 | D:7      | Reached XP level 10. HP: 56/88 MP: 11/11
  7429 | D:4      | Killed zhov's ghost
  7606 | D:8      | Identified the +0 robe of a Labyrinth {rN+ rCorr SInv
                  | Stlth+}
  8019 | D:8      | Found a runed translucent gate.
  8020 | D:8      | Found a runed translucent gate.
  8022 | D:8      | Found a runed translucent gate.
  8036 | D:8      | Noticed RevDB's ghost (novice MiFi)
  8243 | D:8      | Noticed a tengu warrior
  8261 | D:8      | Killed a tengu warrior
  8261 | D:8      | Reached *** piety under Okawaru
  8901 | D:9      | Noticed a two-headed ogre
  8930 | D:9      | Killed a two-headed ogre
  9297 | D:9      | Found a transporter.
  9329 | D:9      | Found a transporter.
  9356 | D:9      | Noticed Gastronok
  9369 | D:9      | Killed Gastronok
  9369 | D:9      | Reached **** piety under Okawaru
  9370 | D:9      | Reached XP level 11. HP: 97/97 MP: 13/13
  9552 | D:9      | Identified the ring of the Devil {Fire Drain Dex+7}
 10232 | D:9      | Reached skill level 5 in Invocations
 10683 | D:10     | Entered Level 10 of the Dungeon
 10976 | D:10     | Found a basalt altar of Yredelemnul.
 11041 | D:10     | Noticed a green ugly thing
 11060 | D:10     | Killed a green ugly thing
 11110 | D:10     | Identified the +1 sling of Victory {speed, Dex+2 Stlth+}
 11562 | D:10     | Noticed a two-headed ogre
 11572 | D:10     | Killed a two-headed ogre
 11861 | D:10     | Reached ***** piety under Okawaru
 12444 | D:11     | Received a gift from Okawaru
 12722 | D:11     | Found a staircase to the Lair.
 13002 | Lair:1   | Entered Level 1 of the Lair of Beasts
 13167 | Lair:1   | Reached skill level 10 in Armour
 13453 | Lair:1   | Received a gift from Okawaru
 13919 | Lair:2   | Reached skill level 10 in Fighting
 13929 | Lair:2   | Reached XP level 12. HP: 74/106 MP: 15/15
 14104 | Lair:2   | Reached skill level 10 in Shields
 14429 | Lair:2   | Received a gift from Okawaru
 14649 | Lair:2   | Reached skill level 10 in Axes
 15100 | Lair:3   | Found a gate leading to a gauntlet.
 15129 | Gauntlet | Entered a Gauntlet
 15129 | Gauntlet | Found a transporter.
 15129 | Gauntlet | Found a transporter.
 15252 | Gauntlet | Found a transporter.
 15257 | Gauntlet | Found a transporter.
 15259 | Gauntlet | Noticed an entropy weaver
 15271 | Gauntlet | Found a transporter.
 15284 | Gauntlet | Found a transporter.
 15307 | Gauntlet | Noticed a hell hog
 15378 | Gauntlet | Found a transporter.
 15391 | Gauntlet | Found a transporter.
 15405 | Gauntlet | Found a transporter.
 15418 | Gauntlet | Found a transporter.
 15437 | Gauntlet | Found a transporter.
 15510 | Gauntlet | Found a transporter.
 15515 | Gauntlet | Noticed a reaper
 15522 | Gauntlet | Found a transporter.
 15526 | Gauntlet | Found a transporter.
 15530 | Gauntlet | Found a transporter.
 15562 | Gauntlet | Found a transporter.
 15605 | Gauntlet | HP: 5/107 [ice statue/bolt of cold (29)]
 15908 | Gauntlet | Killed a reaper
 15908 | Gauntlet | Received a gift from Okawaru
 16218 | Gauntlet | Identified the amulet of Girphesk {Reflect rN+ SH+5}
 16508 | Gauntlet | Identified the +7 flail of Durriddu {elec, +Blink rC-
                  | Int+7}
 16508 | Gauntlet | Noticed a minotaur
 16520 | Gauntlet | Killed a minotaur
 16526 | Gauntlet | Identified the +1 cloak "Poopyf" {rElec Will- rCorr}
 16852 | Lair:3   | Identified the +3 chain mail "Ighomiomn" {rC+ Str+4}
 16950 | Lair:3   | Noticed a four-headed hydra
 16965 | Lair:3   | Killed a four-headed hydra
 16965 | Lair:3   | Reached ****** piety under Okawaru
 17054 | Lair:3   | Noticed a four-headed hydra
 17068 | Lair:3   | Killed a four-headed hydra
 17069 | Lair:3   | Reached XP level 13. HP: 116/116 MP: 17/17
 17157 | Lair:3   | Noticed Rupert
 17164 | Lair:3   | Paralysed by Rupert for 4 turns
 17179 | Lair:3   | Killed Rupert
 17999 | Lair:4   | Reached skill level 10 in Maces & Flails
 18135 | Lair:4   | Received a gift from Okawaru
 18161 | Lair:4   | Found a staircase to the Swamp.
 18220 | Lair:4   | Found a hide-covered altar of Uskayaw.
 18220 | Lair:4   | Found an ornate altar of the Wu Jian Council.
 18327 | Lair:4   | Found a staircase to the Snake Pit.
 18327 | Lair:4   | Noticed Urug
 18346 | Lair:4   | Killed Urug
 19323 | Lair:5   | Reached skill level 10 in Dodging
 19530 | Lair:5   | Found a staircase to the Slime Pits.
 19914 | Lair:5   | Identified the +7 war axe of Untruth {spect, rF+ rC+ Int-4}
 19985 | Lair:5   | Received a gift from Okawaru
 20495 | Lair:6   | Entered Level 6 of the Lair of Beasts
 20533 | Lair:6   | Found a transporter.
 20543 | Lair:6   | Noticed Enas's ghost (journeyman SpAM)
 20695 | Lair:6   | Found a transporter.
 20762 | Lair:6   | Reached XP level 14. HP: 78/126 MP: 19/19
 21175 | Lair:6   | Received a gift from Okawaru
 21430 | Lair:6   | Noticed Snorg
 21447 | Lair:6   | Killed Snorg
 22012 | Lair:6   | Received a gift from Okawaru
 22385 | D:8      | Killed RevDB's ghost
 23276 | D:12     | Found a staircase to the Orcish Mines.
 24189 | D:13     | Found a glowing golden altar of the Shining One.
 24846 | D:13     | Identified the +0 kite shield "Yggil" {Rampage Slay+2}
                  | (Okawaru gifted it to you on level 13 of the Dungeon)
 24846 | D:13     | Received a gift from Okawaru
 25175 | D:14     | Found a basalt altar of Yredelemnul.
 25418 | D:14     | Identified the +4 ring mail of the Cockroach {rC+}
 25562 | D:14     | Found a gate to the Vaults.
 25750 | D:14     | Reached XP level 15. HP: 102/135 MP: 21/21
 26066 | D:15     | Entered Level 15 of the Dungeon
 27267 | D:15     | Found a staircase to the Depths.
 28021 | D:12     | Reached skill level 10 in Invocations
 28031 | Orc:1    | Entered Level 1 of the Orcish Mines
 28031 | Orc:1    | Noticed Erolcha
 28046 | D:12     | Received a gift from Okawaru
 28259 | Orc:1    | Killed Erolcha
 28377 | Orc:2    | Entered Level 2 of the Orcish Mines
 28512 | Orc:2    | Found a staircase to the Elven Halls.
 28624 | Orc:2    | Paralysed by an orc sorcerer for 2 turns
 28705 | Orc:2    | Found Plog's Weapon Emporium.
 28705 | Orc:2    | Found Otigosk's Magic Scroll Shoppe.
 28705 | Orc:2    | Found Basaelo's Weapon Shoppe.
 28708 | Orc:2    | Paralysed by an orc sorcerer for 2 turns
 28710 | Abyss:2  | Cast into level 2 of the Abyss (orc sorcerer)
 28883 | Abyss:2  | Noticed an Executioner
 28891 | Abyss:2  | Killed an Executioner
 28945 | Abyss:2  | Gained mutation: You are clumsy. (Dex -2) [a neqoxec]
 28977 | Abyss:2  | Noticed a tentacled starspawn
 28989 | Abyss:2  | Killed a tentacled starspawn
 29055 | Abyss:2  | Identified the -1 tower shield "Visoth" {Slay+3} (Okawaru
                  | gifted it to you on level 2 of the Abyss)
 29055 | Abyss:2  | Received a gift from Okawaru
 29156 | Abyss:2  | Noticed a lich
 29162 | Abyss:2  | Gained mutation: You are weak. (Str -2) [a neqoxec]
 29209 | Abyss:2  | HP: 6/137 [starcursed mass/accursed screaming (6)]
 29210 | Abyss:2  | Killed from afar by a starcursed mass

Illustrated notes

Levels and vault maps discovered:
D:1:      evilmike_arrival_crescent, layout_rooms
D:2:      kennysheep_big_flooded_room, layout_rooms,
          hellmonk_ecumenical_altar_prayer_group
D:3:      layout_loops_ring, uniq_grinder, uniq_sigmund, uniq_ijyb
D:4:      layout_gridville, serial_shops, nicolae_square_shop,
          nicolae_shop_trees, gammafunk_ghost_nasty_kobolds, st_stairs_10,
          grunt_ministairs_15, kennysheep_pointless_box,
          chequers_serial_rivers_micro_e
D:5:      layout_loops_corners, grunt_temple_overflow_open, enter_ossuary_1,
          uniq_pikel
D:6:      minmay_opposing_rooms, layout_rooms, nicolae_overflow_hidden_temple,
          minmay_temple_entry_junction, uniq_menkaure
D:7:      layout_loops_ring, minmay_shop_grid_forest
D:8:      layout_rooms, gammafunk_ghost_spectres, serial_rivers,
          chequers_serial_rivers_marsh, chequers_serial_rivers_small_3,
          chequers_serial_rivers_micro_b, chequers_serial_rivers_room_b,
          minmay_three_doors
D:9:      gammafunk_steamed_eel, layout_basic, serial_bayou,
          serial_bayou_lake_a, serial_bayou_shore_a, serial_bayou_shore_b,
          serial_bayou_pond_b, uniq_gastronok
D:10:     layout_irregular_city, lemuel_crystal_altar
D:11:     layout_cave_pools, erik_lair_dragon
D:12:     layout_layer_cave, orc_0_dummy
D:13:     layout_stronghold, tso_oasis_becter
D:14:     layout_basic, erik_vaults_1, yredelemnul_forgotten_temple_becter
D:15:     grunt_enter_depths_magical_seal, layout_irregular_city, serial_rivers,
          chequers_serial_rivers_micro_b, chequers_serial_rivers_room_a,
          chequers_serial_rivers_large_a, chequers_serial_rivers_micro_a
Temple:   kb_temple_of_zot
Lair:1:   layout_loops_ring
Lair:2:   layout_layer_cave, grunt_megastairs_1
Lair:3:   layout_hall_layers, gauntlet_entry_generic, st_stairs_9,
          lemuel_fruit_tree, uniq_rupert
Lair:4:   layout_layer_cave, minmay_swamp_entry_swarm, dummy_snake_entry,
          serial_bayou_lagoon_a, nzn_masters_of_martial_movement, uniq_urug
Lair:5:   layout_regular_city, nicolae_slime_entry_slimehenge
Lair:6:   minmay_lair_end_enchanted_forest, layout_loops_ring, serial_bayou,
          serial_bayou_pond_a, serial_bayou_pond_a, serial_bayou_pond_d,
          serial_bayou_pond_b, gammafunk_ghost_berserking_beasts,
          chequers_serial_rivers_small_3, lemuel_fruit_fields, uniq_snorg
Orc:1:    layout_caves, ebering_ghost_inner_flame, serial_shops,
          nicolae_shop_temple_entry_statues_fountains, shop_fountains,
          uniq_fannar, uniq_erolcha
Orc:2:    st_orc_mages, layout_diamond_mine
Abyss:2:  base: D:2, abyss_greek_temple, base: D:2, spicy_abyss_helpful_harpoons

Skill      XL: |  1  2  3  4  5  6  7  8  9 10 11 12 13 14 15 |
---------------+----------------------------------------------+-----
Dodging        | 1 2 3 4 5 6 7 8 9 10 11 12 | 12.2
Fighting       | 4 5 6 8 9 10 11 12 13 | 13.8
Armour         | 4 5 6 7 8 9 10 11 12 13 | 13.9
Axes           | 3 4 5 6 7 8 9 10 11 12 13 | 13.5
Shields        | 4 5 6 7 8 9 11 12 13 | 13.8
Maces & Flails | 1 3 4 5 7 8 9 10 12 | 12.9
Invocations    | 1 3 4 6 7 8 9 10 | 10.3

Action                   |  1- 3 |  4- 6 |  7- 9 | 10-12 | 13-15 || total
-------------------------+-------+-------+-------+-------+-------++-------
Melee: War axe           |    86 |    51 |   307 |   430 |       ||   874
       Headbutt          |    14 |     7 |    74 |   163 |   283 ||   541
       Club              |       |       |     1 |       |       ||     1
       Morningstar       |       |       |       |   186 |  1185 ||  1371
       Broad axe         |       |       |       |    50 |       ||    50
Invok: Heroism           |       |       |     1 |     6 |     8 ||    15
  Use: Scroll            |       |       |     6 |    21 |    10 ||    37
       Potion            |       |       |     2 |     8 |     4 ||    14
 Stab: Invisible         |       |       |       |     2 |       ||     2
       Petrified         |       |       |       |       |     5 ||     5
Armor: Scale mail        |    30 |       |       |       |       ||    30
       Plate armour      |    12 |    32 |   184 |   326 |   479 ||  1033
Dodge: Dodged            |    34 |    13 |   126 |   265 |   302 ||   740
Block: Buckler           |    29 |     8 |    88 |    21 |       ||   146
       Kite shield       |       |       |       |   333 |   973 ||  1306
       Reflection        |       |       |       |       |    30 ||    30

Table legend: (Time is in decaauts)
 A = Elapsed time spent in this place.
 B = Non-inter-level travel time spent in this place.
 C = Inter-level travel time spent in this place.
 D = Time resting spent in this place.
 E = Time spent auto-exploring this place.
 F = Levels seen in this place.
 G = Mean time per level.
                   A        B        C        D        E       F      G
               +--------+--------+--------+--------+--------+-----+--------+
         Total |  29395 |  27976 |   1419 |   3730 |  17268 |  27 | 1088.7 |
       Dungeon |  18898 |  17785 |   1113 |   1691 |  12154 |  15 | 1259.9 |
        Temple |    118 |    102 |     16 |      0 |     92 |   1 |  118.0 |
          Lair |   7784 |   7495 |    289 |   1110 |   4719 |   6 | 1297.3 |
  Orcish Mines |    451 |    451 |      0 |      6 |    198 |   2 |  225.5 |
         Abyss |    480 |    480 |      0 |     96 |      0 |   1 |  480.0 |
       Ossuary |    255 |    255 |      0 |      0 |      0 |   1 |  255.0 |
      Gauntlet |   1406 |   1406 |      0 |    827 |    105 |   1 | 1406.0 |
               +--------+--------+--------+--------+--------+-----+--------+

Top non-repeatable levels by time:
     D:9: 2042 daAuts
    D:15: 1856 daAuts
     D:5: 1717 daAuts
  Lair:6: 1578 daAuts
  Lair:3: 1495 daAuts
     D:8: 1425 daAuts
Gauntlet: 1406 daAuts
     D:7: 1369 daAuts
    D:12: 1357 daAuts
  Lair:5: 1297 daAuts
    D:10: 1277 daAuts
  Lair:4: 1277 daAuts
  Lair:2: 1265 daAuts
     D:4: 1237 daAuts
    D:11: 1204 daAuts
